 Dungeon Crawl Stone Soup version 0.29.0-4-gdea44cf6ec (webtiles) character file.

Game seed: 17799270742825611013

158 qw the Chopper (level 5, 0/30 HPs)
             Began as a Tengu Warper on Aug 28, 2022.
             Slain by Grinder (4 damage)
             ... on level 3 of the Dungeon.
             The game lasted 00:00:16 (3799 turns).

qw the Chopper (Tengu Warper)                       Turns: 3799, Time: 00:00:17

Health: 0/30       AC:  9    Str: 13    XL:     5   Next: 40%
Magic:  9/9        EV:  7    Int: 14    God:
Gold:   45         SH:  0    Dex: 13    Spells: 8/8 levels left

rFire   . . .      SeeInvis .   Y - +0 war axe
rCold   . . .      Faith    .   (no shield)
rNeg    . . .      Spirit   .   a - +0 chain mail
rPois   .          Reflect  .   (helmet restricted)
rElec   .          Harm     .   (no cloak)
rCorr   .          Rampage  .   j - +0 pair of gloves
Will    .....                   (boots unavailable)
Stlth   ..........              (no amulet)
HPRegen 0.10/turn               k - +4 ring of slaying {mikee}
MPRegen 0.11/turn               (no ring)

@: flying quickly and evasively, quick
A: beak, talons 3, nimble flight
a: no special abilities


You were on level 3 of the Dungeon.
You visited 1 branch of the dungeon, and saw 3 of its levels.

You collected 128 gold pieces.
You spent 83 gold pieces at shops.


Innate Abilities, Weirdness & Mutations

You have a beak for a mouth.
You have claws for feet.
Your magical nature lets you fly swiftly and evasively.


   Skills:
 - Level 2.0 Fighting
 - Level 5.9 Axes
 - Level 1.0 Throwing
 + Level 1.4 Armour
 - Level 2.1 Dodging
 - Level 2.0 Spellcasting
 - Level 2.4 Translocations


You had 8 spell levels left.
You didn't know any spells.
Your spell library contained the following spells:

 Spells                   Type           Power      Damage    Failure   Level
 Blink                    Tloc           16%        N/A       99%         2
 Gell's Gravitas          Tloc           8%         N/A       100%        3
 Lesser Beckoning         Tloc           8%         N/A       100%        3
 Teleport Other           Tloc           8%         N/A       100%        3
 Manifold Assault         Tloc           8%         N/A       100%        5

Inventory:

Hand Weapons
 h - a +0 whip
 Y - a +0 war axe (weapon)
Missiles
 g - 6 boomerangs (quivered)
Armour
 a - a +0 chain mail (worn)
 j - a +0 pair of gloves (worn)
Jewellery
 b - a ring of magical power
 k - a +4 ring of slaying (left hand) {mikee}
Potions
 c - a potion of lignification {unknown}
 d - 2 potions of degeneration {unknown}
 e - a potion of might
 f - a potion of haste {unknown}
 l - a potion of invisibility {unknown}

Dungeon Overview and Level Annotations

Branches:
Dungeon (3/15)

Altars:

Shops:
D:2 ([

Annotations:
D:3 Grinder


Message History

The giant cockroach is moderately wounded.
The giant cockroach bites you but does no damage.
You slash the giant cockroach!
You kill the giant cockroach!
Found an escape hatch in the floor.
b - a ring of magical power A rat comes into view.
You hit the rat.
You kill the rat!
Found a stone staircase leading down.
A rat comes into view.
You slash the rat!
You kill the rat!
You see here a rat corpse.
g - 6 boomerangs Grinder comes into view.
Grinder shouts!
Grinder blinks!
You hit Grinder. Your kick misses Grinder.
Grinder is lightly wounded.
Grinder barely misses you.
You hit Grinder but do no damage. Your peck misses Grinder.
Grinder is lightly wounded.
Grinder blinks!
3788 ||| Stepping ~*~*~tactically~*~*~ (hiding).
You start waiting.
Grinder is nearby!
Grinder gestures at you. Pain shoots through your body!
Grinder blinks!
Grinder gestures at you.
You suddenly lose the ability to move!
Grinder hits you!
You writhe in agony.
Grinder hits you.
You writhe in agony.
Grinder hits you but does no damage.
You can move again.
You slash Grinder! Your peck misses Grinder.
Grinder is heavily wounded.
Grinder hits you!
You writhe in agony.
You die...

### ..# # # #.# .. #.
#.# ...#.##.######.#
#....#........#
#............
###.@.#########
~~....5#.........#
.~~~~~....#........># #
..~~~~~....#.........#.#
#.#~~~~....####.####.#.#
...~~~~~....^#.........#
..~~~~~...#.#..####.###
# #~~~~...#.#.%####.#
#.#~~~~...#.#.......#


You could see Grinder.

Vanquished Creatures
  Terence (D:2)
  Natasha (thrice) (D:2)
  A worm (D:2)
  4 dart slugs
  10 endoplasms
  A giant cockroach (D:3)
  4 hobgoblins
  3 jackals (D:1)
  A quokka (D:3)
  2 ball pythons
  2 frilled lizards
  3 goblins
  7 kobolds
  7 rats
49 creatures vanquished.

Notes
Turn   | Place    | Note
-------+----------+-------------------------------------------
     0 | D:1      | qw the Tengu Warper began the quest for the Orb.
     0 | D:1      | Reached XP level 1. HP: 12/12 MP: 4/4
     0 | D:1      | 0 ||| qw: Version: 0.1-a-89-g26bdef1
     0 | D:1      | 0 ||| qw: Game counter: 2700
     0 | D:1      | 0 ||| qw: Always use a shield: true
     0 | D:1      | 0 ||| qw: God list: Okawaru
     0 | D:1      | 0 ||| qw: Allow faded altars: false
     0 | D:1      | 0 ||| qw: Do Orc after D:15 true
     0 | D:1      | 0 ||| qw: Do second Lair branch before Depths: true
     0 | D:1      | 0 ||| qw: Lair rune preference: random
     0 | D:1      | 0 ||| qw: Plans: Normal
     0 | D:1      | 0 ||| PLANNING D:1-11
   104 | D:1      | 104 ||| Stepping ~*~*~tactically~*~*~ (stealth).
   149 | D:1      | 149 ||| Stepping ~*~*~tactically~*~*~ (stealth).
   175 | D:1      | Reached XP level 2. HP: 11/17 MP: 6/6
   310 | D:1      | Reached skill level 3 in Axes
   424 | D:1      | 424 ||| Stepping ~*~*~tactically~*~*~ (hiding).
   796 | D:1      | 796 ||| Stepping ~*~*~tactically~*~*~ (stealth).
   798 | D:1      | 798 ||| Stepping ~*~*~tactically~*~*~ (stealth).
   799 | D:1      | 799 ||| Stepping ~*~*~tactically~*~*~ (stealth).
   804 | D:1      | 804 ||| Stepping ~*~*~tactically~*~*~ (stealth).
   858 | D:1      | 858 ||| Stepping ~*~*~tactically~*~*~ (stealth).
   859 | D:1      | 859 ||| Stepping ~*~*~tactically~*~*~ (stealth).
   957 | D:1      | 957 ||| Stepping ~*~*~tactically~*~*~ (stealth).
  1281 | D:1      | Reached XP level 3. HP: 21/21 MP: 7/7
  1457 | D:1      | 1457 ||| Stepping ~*~*~tactically~*~*~ (hiding).
  1559 | D:1      | 1559 ||| Stepping ~*~*~tactically~*~*~ (hiding).
  1661 | D:1      | 1661 ||| Stepping ~*~*~tactically~*~*~ (hiding).
  1840 | D:1      | 1840 ||| DROPPING amulet of magic regeneration.
  1841 | D:1      | 1841 ||| READING scroll labelled DENAPPI POEG.
  1842 | D:1      | 1842 ||| READING scroll labelled QUUMUOT DAMALLY.
  1843 | D:1      | 1843 ||| DRINKING 2 fizzy green potions.
  1844 | D:1      | 1844 ||| DRINKING 2 pink potions.
  1945 | D:1      | 1945 ||| DROPPING scroll of blinking.
  1946 | D:1      | 1946 ||| DROPPING potion of ambrosia.
  2016 | D:2      | Reached skill level 4 in Axes
  2063 | D:2      | Noticed Natasha
  2064 | D:2      | 2064 ||| Stepping ~*~*~tactically~*~*~ (hiding).
  2074 | D:2      | Killed Natasha
  2075 | D:2      | Reached XP level 4. HP: 13/26 MP: 8/8
  2111 | D:2      | Noticed Natasha
  2112 | D:2      | 2112 ||| FLEEEEING.
  2418 | D:2      | 2418 ||| Stepping ~*~*~tactically~*~*~ (stealth).
  2423 | D:2      | 2423 ||| Stepping ~*~*~tactically~*~*~ (stealth).
  2436 | D:2      | Noticed Terence
  2445 | D:2      | Killed Terence
  2446 | D:2      | Reached skill level 5 in Axes
  2446 | D:2      | 2446 ||| FLEEEEING.
  2447 | D:2      | 2447 ||| FLEEEEING.
  2448 | D:2      | 2448 ||| FLEEEEING.
  2449 | D:2      | 2449 ||| FLEEEEING.
  2450 | D:2      | 2450 ||| FLEEEEING.
  2452 | D:2      | 2452 ||| FLEEEEING.
  2453 | D:2      | 2453 ||| FLEEEEING.
  2454 | D:2      | 2454 ||| STAIRDANCE
  2635 | D:2      | 2635 ||| Stepping ~*~*~tactically~*~*~ (stealth).
  2636 | D:2      | 2636 ||| Stepping ~*~*~tactically~*~*~ (stealth).
  2675 | D:2      | 2675 ||| Stepping ~*~*~tactically~*~*~ (stealth).
  2677 | D:2      | 2677 ||| Stepping ~*~*~tactically~*~*~ (hiding).
  2679 | D:2      | 2679 ||| Stepping ~*~*~tactically~*~*~ (hiding).
  2687 | D:2      | Killed Natasha
  2688 | D:2      | Gained mutation: Your magical nature lets you fly swiftly
                  | and evasively. [Tengu growth]
  2688 | D:2      | Reached XP level 5. HP: 14/30 MP: 9/9
  2908 | D:2      | 2908 ||| Stepping ~*~*~tactically~*~*~ (stealth).
  2911 | D:2      | 2911 ||| Stepping ~*~*~tactically~*~*~ (stealth).
  2988 | D:2      | Noticed Natasha
  2989 | D:2      | 2989 ||| Stepping ~*~*~tactically~*~*~ (stealth).
  2995 | D:2      | Killed Natasha
  3209 | D:2      | Found Keocuil's Weapon Boutique.
  3229 | D:2      | 3229 ||| BUYING +0 war axe (38 gold).
  3229 | D:2      | Bought a +0 war axe for 38 gold pieces
  3229 | D:2      | 3229 ||| SHOPLISTING +5 broad axe of Gories {drain, +Blink
                  | rC+++ Str-4} (800 gold, have 83).
  3229 | D:2      | 3229 ||| SWAPPING to +0 war axe.
  3230 | D:2      | 3230 ||| DROPPING +0 hand axe.
  3232 | D:2      | Found Hona's Armour Shop.
  3240 | D:2      | 3240 ||| BUYING +0 pair of gloves (45 gold).
  3240 | D:2      | Bought a +0 pair of gloves for 45 gold pieces
  3240 | D:2      | 3240 ||| SHOPLISTING +0 pearl dragon scales (1000 gold,
                  | have 38).
  3269 | D:2      | 3269 ||| Stepping ~*~*~tactically~*~*~ (hiding).
  3371 | D:2      | 3371 ||| Stepping ~*~*~tactically~*~*~ (hiding).
  3497 | D:2      | Found a faded altar of an unknown god.
  3565 | D:2      | 3565 ||| UPGRADING to +0 chain mail.
  3575 | D:2      | 3575 ||| DROPPING +0 leather armour.
  3576 | D:2      | 3576 ||| UPGRADING to +0 pair of gloves.
  3581 | D:2      | 3581 ||| UPGRADING to +4 ring of slaying {mikee}.
  3582 | D:2      | 3582 ||| READING scroll labelled ENUNYRCHILO.
  3596 | D:3      | 3596 ||| STAIRDANCE
  3605 | D:3      | 3605 ||| STAIRDANCE
  3615 | D:3      | 3615 ||| STAIRDANCE
  3658 | D:3      | 3658 ||| Stepping ~*~*~tactically~*~*~ (stealth).
  3659 | D:3      | 3659 ||| Stepping ~*~*~tactically~*~*~ (stealth).
  3785 | D:3      | Noticed Grinder
  3788 | D:3      | 3788 ||| Stepping ~*~*~tactically~*~*~ (hiding).
  3794 | D:3      | Paralysed by Grinder for 4 turns
  3799 | D:3      | HP: 4/30 [Grinder (8)]
  3799 | D:3      | Slain by Grinder

Levels and vault maps discovered:
D:1:      dpeg_arrival_rooms_a, layout_basic, dk_noncrumbling_3,
          serial_bayou_pond_d, grunt_decor_junction
D:2:      layout_loops_cross, serial_shops, nicolae_shop_stone,
          nicolae_shop_bloodbath_and_beyond,
          shapermc_ecumenical_altar_mp_highgroup, ebering_dispersal_statue_hall,
          minmay_door_square, lightli_corner_chamber, uniq_terence, uniq_natasha
D:3:      wander_river, layout_basic, uniq_grinder, uniq_robin

Skill      XL: |  1  2  3  4 |
---------------+-------------+-----
Axes           | 3 4 5 |  5.9
Fighting       | |  2.0
Throwing       | |  1.0
Armour         | |  1.4
Dodging        | |  2.1
Spellcasting   | |  2.0
Translocations | |  2.4

Action                   |  1- 3 |  4- 6 || total
-------------------------+-------+-------++-------
Melee: Hand axe          |    53 |    35 ||    88
       Peck              |     7 |    12 ||    19
       Kick              |    15 |    13 ||    28
       Punch             |     1 |     2 ||     3
       War axe           |       |    21 ||    21
Throw: Boomerang         |     7 |       ||     7
  Use: Scroll            |     2 |     1 ||     3
       Potion            |     2 |       ||     2
Armor: Leather armour    |     3 |     4 ||     7
       Chain mail        |       |    10 ||    10
Dodge: Dodged            |    30 |    18 ||    48

Table legend:
 A = Non-vault XP
 B = Vault XP
 C = Vault XP percentage of total XP
 D = Non-vault monster count
 E = Vault monster count
 F = Vault count percentage of total count
                 A         B        C        D         E       F
            +---------+---------+-------+---------+---------+-------
      Total |     154 |      73 |  32.2 |      47 |       2 |   4.1
            +---------+---------+-------+---------+---------+-------
        D:1 |      43 |       0 |   0.0 |      23 |       0 |   0.0
        D:2 |     103 |      73 |  41.5 |      19 |       2 |   9.5
        D:3 |       8 |       0 |   0.0 |       5 |       0 |   0.0
            +---------+---------+-------+---------+---------+-------
